 Dungeon Crawl Stone Soup version 0.29.1-15-g9cfb28693d (webtiles) character file.

Game seed: 11083720782882164435

65 bnorton916 the Magician (level 3, 0/19 HPs)
             Began as a Deep Elf Fire Elementalist on Mar 3, 2023.
             Slain by an adder (4 damage)
             ... on level 3 of the Dungeon.
             The game lasted 00:02:04 (2970 turns).

bnorton916 the Magician (DEFE)                      Turns: 2970, Time: 00:02:05

Health: 0/19       AC:  2    Str:  5    XL:     3   Next: 92%
Magic:  6/10       EV: 12    Int: 21    God:
Gold:   149        SH:  0    Dex: 15    Spells: 4/10 levels left

rFire   . . .      SeeInvis .   (no weapon)
rCold   . . .      Faith    .   (no shield)
rNeg    . . .      Spirit   .   a - +0 robe
rPois   .          Reflect  .   (no helmet)
rElec   .          Harm     .   (no cloak)
rCorr   .          Rampage  .   (no gloves)
Will    .....                   (no boots)
Stlth   ++........              (no amulet)
HPRegen 0.06/turn               (no ring)
MPRegen 0.12/turn               (no ring)

@: no status effects
A: no striking features
a: no special abilities


You were on level 3 of the Dungeon.
You visited 1 branch of the dungeon, and saw 3 of its levels.

You collected 149 gold pieces.

Inventory:

Hand Weapons
 i - a +4 dagger
Missiles
 o - 4 poisoned darts
Armour
 a - a +0 robe (worn)
Scrolls
 d - 4 scrolls of identify {unknown}
 e - a scroll of blinking {unknown}
 j - 2 scrolls of teleportation {unknown}
 l - a scroll of silence {unknown}
 n - a scroll of summoning {unknown}
Potions
 b - a potion of magic
 c - a potion of curing {unknown}
 f - a potion of lignification {unknown}
 g - 2 potions of mutation {unknown}
 h - 2 potions of brilliance {unknown}
 k - a potion of degeneration {unknown}
 m - 2 potions of heal wounds {unknown}


   Skills:
 - Level 2.4 Dodging
 - Level 2.4 Stealth
 + Level 4.1 Spellcasting
 + Level 2.5 Conjurations
 + Level 4.1 Fire Magic


You had 4 spell levels left.
You knew the following spells:

 Your Spells              Type           Power      Damage    Failure   Level
a - Foxfire               Conj/Fire      72%        2x1d7     3%          1
b - Scorch                Fire           42%        2d7       3%          2
c - Conjure Flame         Conj/Fire      18%        6-21      9%          3

Your spell library contained the following spells:

 Spells                   Type           Power      Damage    Failure   Level
 Inner Flame              Hex/Fire       12%        N/A       16%         3
 Flame Wave               Conj/Fire      18%        2d7       30%         4
 Gell's Gravitas          Tloc           4%         N/A       34%         3
 Lesser Beckoning         Tloc           4%         N/A       34%         3
 Teleport Other           Tloc           4%         N/A       34%         3


Dungeon Overview and Level Annotations

Branches:
Dungeon (3/15)

Altars:

Shops:
D:1 :


Message History

The adder hisses angrily.
The hound bites you but does no damage. The hound barely misses you.
The hound bites you but does no damage.
Casting: Scorch (safe; 3% risk of failure)
Confirm with . or Enter, or press ? or * to list all spells.
You conjure some foxfire!
The adder barely misses you. The hound bites you.
The foxfire hits the hound.
The hound is burned terribly!
The hound is heavily wounded.
The foxfire hits the hound but does no damage.
The hound is heavily wounded.
The hound barely misses you. The adder completely misses you.
The hound barely misses you. The adder closely misses you.
Unknown command.
Casting: Foxfire (safe; 3% risk of failure)
Confirm with . or Enter, or press ? or * to list all spells.
You conjure some foxfire!
The hound is no longer more vulnerable to fire.
The hound closely misses you. The adder closely misses you.
The foxfire hits the hound but does no damage.
The hound is heavily wounded.
The foxfire hits the adder.
The adder is heavily wounded.
The hound misses you. The adder bites you. The hound closely misses you.
Unknown command.
Casting: Foxfire (safe; 3% risk of failure)
Confirm with . or Enter, or press ? or * to list all spells.
You conjure some foxfire!
The adder barely misses you. The hound barely misses you.
The foxfire hits the hound but does no damage.
The hound is heavily wounded.
The foxfire hits the hound.
The hound is severely wounded.
The adder barely misses you. The hound bites you. The adder closely misses you.
The hound closely misses you.
Unknown command.
The adder attacks as you move away! The adder barely misses you.
The hound bites you.
* * * LOW HITPOINT WARNING * * *
The adder bites you.
You die...

..#......#.#
##############
..#......#)#
..#......#.#
..#......#.#
..##.....'.#
..##.....#############
..##.....##..........#
..##.....##...<......#
..##.....##.....@h...#
..##.....##.....S....#
#####.#####..........#
#.# #.......w..# #.#
#.........$# #.#
#..........# #.#
#..........#
#.#####............
#................#..


You could see a worm, a hound and an adder.

Vanquished Creatures
  A shadow imp (D:3)
  4 dart slugs
  An orc (D:2)
  3 ball pythons
  4 bats
  2 endoplasms
  4 giant cockroaches
  6 hobgoblins
  2 jackals (D:3)
  2 quokkas
  3 frilled lizards
  4 goblins
  4 kobolds
  6 rats
46 creatures vanquished.

Vanquished Creatures (others)
  242 foxfires
242 creatures vanquished.

Grand Total: 288 creatures vanquished

Notes
Turn   | Place    | Note
-------+----------+-------------------------------------------
     0 | D:1      | bnorton916 the Deep Elf Fire Elementalist began the quest
                  | for the Orb.
     0 | D:1      | Reached XP level 1. HP: 10/10 MP: 6/6
   249 | D:1      | Found a faded altar of an unknown god.
   268 | D:1      | Found Ariry's Book Boutique.
   747 | D:1      | Reached XP level 2. HP: 15/15 MP: 5/8
  1499 | D:2      | Reached XP level 3. HP: 18/19 MP: 3/10
  1809 | D:2      | Learned a level 2 spell: Scorch
  1813 | D:2      | Learned a level 3 spell: Conjure Flame
  2120 | D:2      | You fall into a shaft and drop 1 floor!
  2970 | D:3      | Slain by an adder

Illustrated notes

Levels and vault maps discovered:
D:1:      reono_arrival_forest_river, layout_basic, basic_ecumenical_altar,
          serial_shops, shop, minmay_split_cup_small
D:2:      layout_loops_ring
D:3:      layout_basic

Skill      XL: |  1  2  3 |
---------------+----------+-----
Conjurations   | 2 |  2.5
Fire Magic     | 4 |  4.1
Spellcasting   | 4 |  4.1
Dodging        | |  2.4
Stealth        | |  2.4

Action                   || total
-------------------------++-------
 Cast: Foxfire           ||   137
       Scorch            ||     4
Armor: Robe              ||     6
Dodge: Dodged            ||    26
